 Dungeon Crawl Stone Soup version 0.30-a0-778-g2ef04afb54 (webtiles) character file.

Game seed: 15019003213505612506

25 sircluck the Magician (level 2, 0/19 HPs)
             Began as a Demonspawn Hedge Wizard on Feb 16, 2023.
             Slain by a frilled lizard (3 damage)
             ... on level 2 of the Dungeon.
             The game lasted 00:01:04 (875 turns).

sircluck the Magician (Demonspawn Hedge Wizard)      Turns: 875, Time: 00:01:04

Health: 0/19       AC:  2    Str: 10    XL:     2   Next: 82%
Magic:  6/6        EV: 12    Int: 15    God:
Gold:   34         SH:  0    Dex: 12    Spells: 7/8 levels left

rFire   . . .      SeeInvis .    f - +1 dagger (freeze)
rCold   . . .      Faith    .    (no shield)
rNeg    . . .      Spirit   .    b - +0 robe
rPois   .          Reflect  .    c - +0 hat
rElec   .          Harm     .    (no cloak)
rCorr   .          Rampage  .    (no gloves)
Will    .....                    (no boots)
Stlth   ++                       (no amulet)
HPRegen 0.23/turn                (no ring)
MPRegen 0.10/turn                (no ring)

@: no status effects
A: horns 1
a: no special abilities


You were on level 2 of the Dungeon.
You visited 1 branch of the dungeon, and saw 2 of its levels.

You collected 34 gold pieces.

Inventory:

Hand Weapons
 a - a +0 dagger
 f - a +1 dagger of freezing (weapon)
Armour
 b - a +0 robe (worn)
 c - a +0 hat (worn)
 g - a +0 pair of gloves
Scrolls
 i - 4 scrolls of identify {unknown}
 j - 3 scrolls of blinking {unknown}
 k - a scroll of immolation {unknown}
 m - a scroll of fog {unknown}
Potions
 d - a potion of magic
 e - 2 potions of degeneration {unknown}
 h - a potion of attraction {unknown}
 l - a potion of lignification {unknown}


   Skills:
 + Level 0.6 Short Blades
 + Level 1.9 Dodging
 + Level 1.9 Stealth
 + Level 3.6 Spellcasting
 + Level 1.0 Conjurations
 + Level 1.0 Summonings
 + Level 0.8 Translocations


You had 7 spell levels left.
You knew the following spells:

 Your Spells              Type           Power      Damage    Failure   Level
a - Magic Dart            Conj           20%        1d4       12%         1

Your spell library contained the following spells:

 Spells                   Type           Power      Damage    Failure   Level
 Slow                     Hex            8%         N/A       19%         1
 Call Imp                 Summ           5%         N/A       19%         2
 Blink                    Tloc           10%        N/A       21%         2
 Cigotuvi's Dreadful Rot  Necr/Pois/Air  4%         N/A       28%         2
 Mephitic Cloud           Conj/Pois/Air  3%         N/A       43%         3
 Olgreb's Toxic Radiance  Pois           2%         N/A       88%         4
 Ozocubu's Refrigeration  Ice            1%         4d7       100%        7
 Ignition                 Fire           1%         3d3       100%        8


Dungeon Overview and Level Annotations

Branches:
Dungeon (2/15)

Altars:


Innate Abilities, Weirdness & Mutations

You have a pair of small horns on your head.


Message History

You are too injured to fight recklessly!
You are too injured to fight recklessly!
You are too injured to fight recklessly!
You are too injured to fight recklessly!
You are too injured to fight recklessly!
You are too injured to fight recklessly!
You are too injured to fight recklessly!
You are too injured to fight recklessly!
You are too injured to fight recklessly!
You are too injured to fight recklessly!
You are too injured to fight recklessly!
You are too injured to fight recklessly!
You are too injured to fight recklessly!
You hit the jackal. You freeze the jackal. Your headbutt misses the jackal.
The jackal is moderately wounded.
The jackal closely misses you. The jackal barely misses you.
The frilled lizard barely misses you.
The jackal bites you but does no damage.
The jackal barely misses you.
You barely miss the jackal.
The jackal is moderately wounded.
The frilled lizard barely misses you. The jackal barely misses you.
The jackal misses you.
You hit the jackal. You freeze the jackal.
You kill the jackal!
The frilled lizard bites you. The jackal misses you. The jackal bites you. x2
* * * LOW HITPOINT WARNING * * *
You completely miss the jackal. The frilled lizard closely misses you.
The jackal closely misses you.
You closely miss the jackal. The jackal bites you.
* * * LOW HITPOINT WARNING * * *
The frilled lizard closely misses you. The jackal misses you.
You hit the jackal. You freeze the jackal.
You kill the jackal!
The frilled lizard closely misses you.
You hit the frilled lizard but do no damage.
Your headbutt misses the frilled lizard.
The frilled lizard bites you.
You die...

.. .. .## ... #
######.#
#.#....#.###
#.#....#.#.#<#
#>....†l.....#
#.#..#.@.#.....#
#......#.#.#.#
#..#####.#.#...
#... ..... ....
#.. ...#.###.#.$
#. #.....# .# #
.. ....### #


You could see a frilled lizard.

Vanquished Creatures
  A dart slug (D:1)
  2 endoplasms (D:1)
  2 goblins (D:1)
  3 hobgoblins (D:1)
  4 jackals (D:2)
  A ball python (D:1)
  4 bats (D:1)
  A frilled lizard (D:1)
  2 rats (D:1)
20 creatures vanquished.

Notes
Turn   | Place    | Note
-------+----------+-------------------------------------------
     0 | D:1      | sircluck the Demonspawn Hedge Wizard began the quest for
                  | the Orb.
     0 | D:1      | Reached XP level 1. HP: 13/13 MP: 4/4
   244 | D:1      | Gained mutation: You have a pair of small horns on your
                  | head. [demonic ancestry]
   244 | D:1      | Reached XP level 2. HP: 18/19 MP: 6/6
   875 | D:2      | Slain by a frilled lizard

Illustrated notes

Levels and vault maps discovered:
D:1:      dpeg_arrival_windows_large_door, layout_loops_ring
D:2:      layout_basic

Action                     || total
---------------------------++-------
  Melee: Dagger            ||    56
         Headbutt          ||     4
   Cast: Magic Dart        ||     4
   Stab: Sleeping          ||     3
 Armour: Robe              ||     9
  Dodge: Dodged            ||    66

Table legend: (Time is in decaauts)
 A = Elapsed time spent in this place.
 B = Non-inter-level travel time spent in this place.
 C = Inter-level travel time spent in this place.
 D = Time resting spent in this place.
 E = Time spent auto-exploring this place.
 F = Levels seen in this place.
 G = Mean time per level.
                   A        B        C        D        E       F      G
               +--------+--------+--------+--------+--------+-----+--------+
         Total |    873 |    726 |    147 |      0 |    538 |   2 |  436.5 |
       Dungeon |    873 |    726 |    147 |      0 |    538 |   2 |  436.5 |
               +--------+--------+--------+--------+--------+-----+--------+

Top non-repeatable levels by time:
     D:1: 849 daAuts
     D:2: 24 daAuts
